[Event "Titled Tuesday Blitz December 13 Early 2022"]
[White "Fernandez De La Vara, Arnaldo"]
[Black "Urazayev, Arystanbek"]
[WhiteFideId "3518388"]
[BlackFideId "13709810"]
[WhiteElo "2601"]
[BlackElo "2740"]
[Result "0-1"]
[Round "09"]
[TimeControl "180+1"]
[Date "2022.12.14"]
[WhiteClock "0:00:02"]
[BlackClock "0:00:46"]

1. Nf3 d5 2. g3 b6 3. Bg2 Bb7 4. O-O Nd7 5. b3 Ngf6 6. Bb2 e6 7. c4 dxc4 8. bxc4 c5 9. Ne5 Bxg2 10. Kxg2 Nxe5 11. Bxe5 Bd6 12. Bxd6 Qxd6 13. Nc3 O-O 14. d3 a6 15. a4 Nd7 16. Qb3 Rfb8 17. Rfb1 h5 18. a5 h4 19. Qa4 Ne5 20. Ne4 Qc7 21. axb6 Rxb6 22. Qa5 Rab8 23. Rxb6 Rxb6 24. Rb1 Nd7 25. Rxb6 Nxb6 26. Nxc5 Qc6+ 27. f3 g6 28. Nxa6 Nd7 29. Nb8 Nxb8 30. Qd8+ Kg7 31. Qxb8 Qc5 32. Qf4 h3+ 33. Kxh3 Qf2 34. Qe5+ Kh7 35. Kg4 Qxh2 36. c5 Qh6 37. Qg5 f5+ 38. Kf4 e5+ 39. Kxe5 Qxg5 40. c6 Qe7+ 0-1


[Site "https://www.chess.com"]

[Event "Titled Tuesday Blitz December 13 Early 2022"]
[White "Fernandez Siles, Luis"]
[Black "Aradhya, Garg"]
[WhiteFideId "2209420"]
[BlackFideId "25006746"]
[WhiteElo "2186"]
[BlackElo "2278"]
[Result "0-1"]
[Round "09"]
[TimeControl "180+1"]
[Date "2022.12.14"]
[WhiteClock "0:00:02"]
[BlackClock "0:01:14"]

1. e4 e5 2. Nf3 Nc6 3. Bc4 Nf6 4. d4 exd4 5. O-O Nxe4 6. Nc3 Nxc3 7. bxc3 Be7 8. cxd4 d5 9. Bd3 O-O 10. c3 Bg4 11. h3 Bh5 12. Re1 Bd6 13. Rb1 Rb8 14. g4 Bg6 15. Kg2 Re8 16. Rxe8+ Qxe8 17. Bxg6 hxg6 18. Rb5 Qe4 19. Qb3 b6 20. Rxd5 Re8 21. Be3 Na5 22. Qa4 Qxd5 23. Qxe8+ Kh7 24. c4 Nxc4 25. Bc1 f6 26. h4 Bb4 27. h5 gxh5 28. Qxh5+ Qxh5 29. gxh5 Nd6 30. Kg3 Bc3 31. Kg4 Nb5 32. Be3 Kg8 33. Kf5 Kf7 34. Ke4 Ke6 0-1


[Site "https://www.chess.com"]

[Event "Titled Tuesday Blitz December 13 Early 2022"]
[White "Firouzja, Alireza"]
[Black "Dubov, Daniil"]
[WhiteFideId "12573981"]
[BlackFideId "24126055"]
[WhiteElo "2904"]
[BlackElo "2792"]
[Result "0-1"]
[Round "09"]
[TimeControl "180+1"]
[Date "2022.12.13"]
[WhiteClock "0:00:02"]
[BlackClock "0:00:12"]

1. d4 Nf6 2. Nf3 d5 3. c4 e6 4. Nc3 Be7 5. Qc2 O-O 6. cxd5 exd5 7. Bg5 Re8 8. e3 Nbd7 9. Bd3 Nf8 10. h3 c6 11. Bf4 Ne6 12. Bh2 c5 13. O-O cxd4 14. exd4 Bd7 15. Rfe1 Rc8 16. Be5 g6 17. a3 Ng7 18. Qb3 Bc6 19. Re2 Nd7 20. Bxg7 Kxg7 21. Nxd5 Nc5 22. dxc5 Bxd5 23. Bc4 Bxc4 24. Qxc4 Bxc5 25. Rxe8 Qxe8 26. Qd3 Qd8 27. Qe4 Qb6 28. b4 Bxf2+ 29. Kh1 Qe3 30. Qxb7 Rc1+ 31. Rxc1 Qxc1+ 32. Kh2 Qf4+ 33. Kh1 Qc1+ 34. Kh2 Qxa3 35. Qe4 Qc3 36. b5 Bb6 37. h4 Qe3 38. Qc4 h6 39. Kh3 Qc5 40. Qxc5 Bxc5 41. Kg4 f5+ 42. Kf4 Kf6 43. Nd2 g5+ 44. hxg5+ hxg5+ 45. Kf3 g4+ 46. Kf4 Bd6+ 47. Ke3 Ke5 48. Kd3 Kd5 49. Nc4 Bc5 50. g3 Bf2 0-1


[Site "https://www.chess.com"]

[Event "Titled Tuesday Blitz December 13 Early 2022"]
[White "Forgacs, Attila Jr."]
[Black "Mikhailovsky, Vladimir"]
[WhiteFideId "773654"]
[BlackFideId "34105414"]
[WhiteElo "2168"]
[BlackElo "2295"]
[Result "0-1"]
[Round "09"]
[TimeControl "180+1"]
[Date "2022.12.14"]
[WhiteClock "0:01:32"]
[BlackClock "0:02:38"]

1. e4 e5 2. Nf3 d5 3. exd5 e4 4. Nd4 Qxd5 5. Nb3 Nf6 6. Nc3 Qe5 7. Be2 Bd6 8. d4 exd3 9. Qxd3 O-O 10. Be3 Nc6 11. O-O-O Bf5 12. Qd2 Bb4 13. Nd4 Ne4 14. Nxc6 bxc6 15. Qd4 Bxc3 16. bxc3 Qa5 17. Bd3 Qa3+ 18. Kb1 Rab8+ 0-1


[Site "https://www.chess.com"]

[Event "Titled Tuesday Blitz December 13 Early 2022"]
[White "Ghosh, Chanchal Kumer"]
[Black "Krzywda, Andrzej"]
[WhiteFideId "10201858"]
[BlackFideId "1114565"]
[WhiteElo "2058"]
[BlackElo "2149"]
[Result "1-0"]
[Round "09"]
[TimeControl "180+1"]
[Date "2022.12.14"]
[WhiteClock "0:00:05"]
[BlackClock "0:00:08"]

1. e4 c6 2. Nf3 d5 3. Nc3 Bg4 4. e5 e6 5. d4 c5 6. Be2 Nc6 7. Be3 Qb6 8. dxc5 Bxc5 9. Bxc5 Qxc5 10. O-O Bxf3 11. Bxf3 Nxe5 12. Bxd5 exd5 13. Re1 f6 14. Nxd5 O-O-O 15. c4 Ne7 16. Qa4 Nxd5 17. cxd5 Kb8 18. Rac1 Qxd5 19. h3 Rhe8 20. Red1 Qf7 21. Rf1 g5 22. Rc3 h5 23. f4 gxf4 24. Qxf4 Rd6 25. Rfc1 Qd5 26. Kh2 Rg8 27. Qf2 a6 28. R1c2 Qe4 29. Qf1 Rc6 30. Re2 Qd5 31. Rxc6 Qxc6 32. Qf5 Ka7 33. Qxh5 Qb5 34. Rf2 Qc5 35. Qf5 Rf8 36. a3 a5 37. b4 axb4 38. axb4 Qxb4 39. Ra2+ Kb8 40. Qf2 Qd6 41. Kh1 Kc7 42. Rc2+ Kb8 43. Rb2 Nd3 44. Qd2 Qd4 45. Rb3 Nf2+ 46. Kh2 Ne4 47. Qxd4 Re8 48. Qe3 f5 49. Qf4+ Kc8 50. Re3 Kd7 51. g4 b5 52. gxf5 Rg8 53. Qxe4 b4 54. Qe6+ Kc7 55. Qxg8 Kb6 56. Qc4 Ka5 57. Re5+ Ka4 58. Rb5 Ka3 59. Qxb4+ Ka2 60. Qb2# 1-0


[Site "https://www.chess.com"]

[Event "Titled Tuesday Blitz December 13 Early 2022"]
[White "Gonzalez, Francisco Silva"]
[Black "Hartikainen, Jarmo"]
[WhiteFideId "1512285"]
[BlackFideId "503134"]
[WhiteElo "2220"]
[BlackElo "2220"]
[Result "1-0"]
[Round "09"]
[TimeControl "180+1"]
[Date "2022.12.14"]
[WhiteClock "0:02:09"]
[BlackClock "0:00:15"]

1. d4 Nf6 2. c4 g6 3. Nc3 d5 4. Bf4 Bg7 5. Nf3 O-O 6. e3 c5 7. dxc5 dxc4 8. Qxd8 Rxd8 9. Bxc4 Nbd7 10. Rd1 Rf8 11. b4 a5 12. a3 axb4 13. axb4 Nh5 14. Nd5 Nxf4 15. exf4 e6 16. Ne7+ Kh8 17. Nxc8 Bc3+ 18. Ke2 Nxc5 19. Nb6 Ne4 20. Nxa8 Rxa8 21. Ke3 f5 22. Ng5 Ra3 23. Nxe4 Bxb4+ 24. Rd3 1-0


[Site "https://www.chess.com"]

[Event "Titled Tuesday Blitz December 13 Early 2022"]
[White "Goroshkov, Maksym"]
[Black "Piorun, Kacper"]
[WhiteFideId "14142716"]
[BlackFideId "1130420"]
[WhiteElo "2258"]
[BlackElo "2572"]
[Result "0-1"]
[Round "09"]
[TimeControl "180+1"]
[Date "2022.12.13"]
[WhiteClock "0:00:18"]
[BlackClock "0:00:22"]

1. e4 d5 2. exd5 Qxd5 3. Nc3 Qd8 4. Nf3 Nf6 5. d4 g6 6. Bc4 Bg7 7. O-O O-O 8. Ne5 e6 9. Bg5 Nbd7 10. Qf3 h6 11. Be3 Nxe5 12. dxe5 Nd7 13. Rad1 Nxe5 14. Qg3 Qe7 15. Be2 Bd7 16. Bxh6 Bxh6 17. Qxe5 Bc6 18. Bb5 Bg7 19. Qg3 Bxb5 20. Nxb5 a6 21. Nc3 Qb4 22. Qxc7 Rac8 23. Qd6 Qxb2 24. Na4 Qxc2 25. Nb6 Rc6 26. Qb4 Qxa2 27. Nd7 Rfc8 28. Qxb7 a5 29. Nb6 R8c7 30. Qa8+ Kh7 31. Nd7 Qa3 32. f4 Rc1 33. Qe4 Rxd1 34. Rxd1 Rc1 35. Qe1 Rxd1 36. Qxd1 Qe3+ 37. Kh1 Qxf4 38. Nc5 Qd4 39. Qc2 Qa1+ 0-1


[Site "https://www.chess.com"]

[Event "Titled Tuesday Blitz December 13 Early 2022"]
[White "Herman, Daniel"]
[Black "Winkels, Marcel"]
[WhiteFideId "30935008"]
[BlackFideId "1003887"]
[WhiteElo "1897"]
[BlackElo "1900"]
[Result "0-1"]
[Round "09"]
[TimeControl "180+1"]
[Date "2022.12.14"]
[WhiteClock "0:00:14"]
[BlackClock "0:00:26"]

1. e4 c5 2. Nf3 e6 3. d4 cxd4 4. Nxd4 Nc6 5. Nc3 Qc7 6. g3 a6 7. Bg2 Nf6 8. O-O Nxd4 9. Qxd4 Bc5 10. Bf4 d6 11. Qd2 e5 12. Bg5 Be6 13. Bxf6 gxf6 14. Qh6 Qe7 15. Bh3 O-O-O 16. Nd5 Qf8 17. Qh4 Kb8 18. Bf5 Bxd5 19. exd5 Qg7 20. b4 Bd4 21. Rab1 Qg5 22. Qe4 h5 23. h4 Qxg3+ 24. Kh1 Bxf2 25. Rb3 Qxh4+ 26. Qxh4 Bxh4 27. b5 a5 28. b6 Bg5 29. Rc3 Bd2 30. Rc7 Be3 31. Rxf7 Bxb6 32. Be6 Rhf8 33. R1xf6 Rxf7 34. Rxf7 Rh8 35. Kh2 e4 36. Re7 e3 37. Bf5 Rf8 38. Bd3 Rf2+ 39. Kh3 Bd4 40. Rh7 Be5 41. Kh4 e2 42. Bxe2 Rxe2 43. Kg5 Rxc2 44. Rxh5 Rxa2 45. Kf5 Rb2 46. Ke6 a4 47. Rh4 a3 48. Ra4 a2 49. Kd7 Rh2 50. Ra3 a1=Q 51. Rxa1 Bxa1 52. Kd8 b5 53. Kd7 Be5 54. Kd8 b4 55. Kd7 b3 56. Kd8 b2 57. Kd7 b1=Q 58. Kd8 Rh8+ 59. Kd7 Qh7+ 60. Kc6 Qb7# 0-1


[Site "https://www.chess.com"]

[Event "Titled Tuesday Blitz December 13 Early 2022"]
[White "Hirneise, Jens"]
[Black "Pajeken, Jakob Leon"]
[WhiteFideId "24614734"]
[BlackFideId "12942839"]
[WhiteElo "2345"]
[BlackElo "2414"]
[Result "0-1"]
[Round "09"]
[TimeControl "180+1"]
[Date "2022.12.14"]
[WhiteClock "0:00:13"]
[BlackClock "0:00:24"]

1. d4 d5 2. Nf3 Nf6 3. Bf4 h6 4. h3 e6 5. e3 Bd6 6. Nbd2 c5 7. c3 Nc6 8. Bxd6 Qxd6 9. Bb5 O-O 10. O-O Bd7 11. Bxc6 Bxc6 12. Ne5 b6 13. f4 Bb5 14. Rf3 Ne8 15. Rg3 f6 16. Ng6 Rf7 17. Qh5 Bd3 18. Nh8 Rf8 19. Qxh6 Bh7 20. Nf3 Kxh8 21. Qh5 g6 22. Rxg6 Ng7 23. Qh6 Nf5 24. Qh5 Nxe3 25. Rh6 Qd7 26. Nh4 Rf7 27. Re1 Nf5 28. Ng6+ Kg8 29. g4 Nxh6 30. Qxh6 Rg7 31. Nh4 Qf7 32. Kh2 Be4 33. dxc5 Rh7 34. g5 Rxh6 35. gxh6 bxc5 36. Rg1+ Kh7 37. Rg7+ Qxg7 38. hxg7 Kxg7 0-1


[Site "https://www.chess.com"]

[Event "Titled Tuesday Blitz December 13 Early 2022"]
[White "Hoffmann, Asa"]
[Black "Larina, Maria"]
[WhiteFideId "2001470"]
[BlackFideId "24113182"]
[WhiteElo "2117"]
[BlackElo "1848"]
[Result "0-1"]
[Round "09"]
[TimeControl "180+1"]
[Date "2022.12.14"]
[WhiteClock "0:00:08"]
[BlackClock "0:00:04"]

1. d4 f5 2. Nc3 Nf6 3. Bg5 d5 4. f3 e6 5. e4 fxe4 6. fxe4 dxe4 7. Nxe4 Be7 8. Bxf6 Bxf6 9. Nf3 O-O 10. Bc4 Kh8 11. c3 Bh4+ 12. g3 Be7 13. O-O Nc6 14. Qe2 e5 15. dxe5 Bg4 16. Rad1 Qe8 17. e6 Ne5 18. Ned2 Bc5+ 19. Kg2 Nxf3 20. Nxf3 Qh5 21. Bd5 c6 22. Be4 Bxe6 23. h4 Qg4 24. Ng1 Rxf1 25. Rxf1 Re8 26. Qxg4 Bxg4 27. Bf3 Be6 28. Ne2 Bxa2 29. Nf4 g6 30. Rd1 Re7 31. Rd8+ Kg7 32. Rb8 Bc4 33. b4 Be3 34. Ne2 Bd2 35. Nd4 Bxc3 36. Nc2 Bd3 37. Na3 Bxb4 38. Rd8 Ba6 39. h5 Bxa3 40. g4 gxh5 41. gxh5 Bc4 42. Rd4 Be6 43. Rd3 Bc5 44. Rc3 Bb6 45. Rd3 Kf6 46. Rd1 Bf5 47. Rf1 Rg7+ 48. Kh1 Ke5 49. Re1+ Kf4 50. Bg2 Bg4 51. Rf1+ Kg3 52. h6 Rg5 53. Bf3 Rh5# 0-1


[Site "https://www.chess.com"]

[Event "Titled Tuesday Blitz December 13 Early 2022"]
[White "Hrabinska, Myroslava"]
[Black "Omariev, Maksim"]
[WhiteFideId "14109190"]
[BlackFideId "4193423"]
[WhiteElo "2171"]
[BlackElo "2414"]
[Result "0-1"]
[Round "09"]
[TimeControl "180+1"]
[Date "2022.12.14"]
[WhiteClock "0:00:10"]
[BlackClock "0:00:01"]

1. e4 c5 2. d4 cxd4 3. c3 dxc3 4. Nxc3 Nc6 5. Nf3 e6 6. Bc4 a6 7. O-O Nge7 8. Bg5 f6 9. Be3 Ng6 10. Nd4 Nge5 11. Bb3 Be7 12. f4 Nxd4 13. Bxd4 Nc6 14. Be3 O-O 15. f5 Kh8 16. Rf3 Qe8 17. Rh3 Na5 18. Qe1 Qf7 19. Qh4 Qg8 20. Bc2 Nc4 21. Bd4 e5 22. Bf2 b5 23. Bb3 Bb7 24. a4 Bc6 25. Rd1 Rfc8 26. Nd5 Bd8 27. g4 Bxd5 28. Rxd5 bxa4 29. Ba2 Rab8 30. Rc5 Rxc5 31. Bxc5 d5 32. Ba3 h6 33. Bxc4 dxc4 34. Qe1 Bb6+ 35. Kh1 Bd4 36. Qc1 Qc8 37. Rxh6+ Kg8 38. Rg6 Qb7 39. Qc2 Bxb2 40. Qxc4+ Kh7 41. Bxb2 Qxb2 42. Qf1 Qc2 43. Qe1 Rb1 0-1


[Site "https://www.chess.com"]

[Event "Titled Tuesday Blitz December 13 Early 2022"]
[White "Ibarra Jerez, Jose Carlos"]
[Black "Ashraf, Artin"]
[WhiteFideId "2226332"]
[BlackFideId "22514805"]
[WhiteElo "2638"]
[BlackElo "2243"]
[Result "1/2-1/2"]
[Round "09"]
[TimeControl "180+1"]
[Date "2022.12.13"]
[WhiteClock "0:00:19"]
[BlackClock "0:00:21"]

1. d4 e6 2. Bf4 Nf6 3. e3 h6 4. h3 d5 5. Nd2 Bd6 6. Ngf3 c5 7. dxc5 Bxc5 8. Bd3 Nc6 9. O-O O-O 10. e4 dxe4 11. Nxe4 Nxe4 12. Bxe4 Qf6 13. Qc1 e5 14. Be3 Bd6 15. Rd1 Bc7 16. c3 Bf5 17. Qc2 Bxe4 18. Qxe4 Qe6 19. b4 a6 20. a4 b5 21. axb5 axb5 22. g4 Rfc8 23. Bc5 Ra4 24. Rxa4 bxa4 25. Ra1 Bd6 26. Be3 Qb3 27. Qd3 Bf8 28. Nd2 Nxb4 29. Qf5 Qxc3 30. Rxa4 Qc1+ 31. Kh2 Nd5 32. Nc4 Rxc4 33. Bxc1 Rxa4 34. Qd7 Rd4 35. Qe8 Nf6 36. Qb8 Nd7 37. Qe8 g6 38. Bxh6 Rd1 39. h4 Rd4 40. f3 Rd1 41. h5 gxh5 42. gxh5 Rd4 43. Bxf8 Nxf8 44. Kg3 Rd6 45. Qxe5 Re6 46. Qg5+ Kh7 47. Qf5+ Kg7 48. Kh4 Nh7 49. Qg4+ Kf8 50. Qf4 Kg7 51. Qg3+ Kf8 52. Qb8+ Kg7 53. Qb2+ Kg8 54. f4 Nf8 55. Kg5 Nh7+ 56. Kf5 Nf8 57. Qg2+ Kh7 58. Qc2 Kg8 59. Qc8 Kg7 60. Qc7 Nh7 61. Kg4 Nf6+ 62. Kg5 Ne4+ 63. Kh4 Nd6 64. Qc3+ Kh7 65. Qd3+ Kg7 66. Kg4 Ne4 67. f5 Nf2+ 68. Kg5 Nxd3 69. fxe6 fxe6 70. h6+ Kh7 71. Kf6 Nf4 72. Ke5 Kxh6 73. Kxf4 Kg6 74. Ke5 Kf7 75. Ke4 Kf6 76. Kf4 Ke7 77. Ke5 Kd7 78. Ke4 Kd6 79. Kd4 e5+ 80. Ke4 Ke6 81. Ke3 Kd5 82. Kd3 e4+ 83. Ke3 Ke5 84. Ke2 Kf4 85. Kf2 e3+ 86. Ke2 Ke4 87. Ke1 Kf3 88. Kf1 Kg4 89. Ke2 Kf4 90. Ke1 Kf3 91. Kf1 Ke4 92. Ke2 Kd4 93. Ke1 Kc3 94. Ke2 Kd4 95. Ke1 Kd3 96. Kd1 e2+ 97. Ke1 Ke3 1/2-1/2


[Site "https://www.chess.com"]

[Event "Titled Tuesday Blitz December 13 Early 2022"]
[White "Ionescu, Mihai"]
[Black "Vianello, Enrico"]
[WhiteFideId "1202499"]
[BlackFideId "810738"]
[WhiteElo "2284"]
[BlackElo "2096"]
[Result "0-1"]
[Round "09"]
[TimeControl "180+1"]
[Date "2022.12.14"]
[WhiteClock "0:00:01"]
[BlackClock "0:00:18"]

1. g3 Nf6 2. Bg2 e6 3. Nc3 Be7 4. e4 d6 5. Nge2 c5 6. O-O Nc6 7. d3 O-O 8. h3 a6 9. a4 Qc7 10. f4 b6 11. g4 Bb7 12. Ng3 Nd7 13. f5 Nd4 14. g5 exf5 15. exf5 Bxg2 16. Kxg2 Rfe8 17. Qg4 Bf8 18. g6 Ne5 19. gxh7+ Kh8 20. Qh5 c4 21. Nce4 cxd3 22. f6 g6 23. Qh4 Qxc2+ 24. Rf2 Qc6 25. Bh6 Ne6 26. Bg7+ Bxg7 27. fxg7+ Nxg7 28. Rf6 Re6 29. Rxe6 fxe6 30. Rf1 Qe8 31. Kh2 Rc8 32. Ng5 Rc2+ 33. Kg1 d2 0-1


[Site "https://www.chess.com"]

[Event "Titled Tuesday Blitz December 13 Early 2022"]
[White "Jaskolka, Tomasz"]
[Black "Lacasa Diaz, Jose Antonio"]
[WhiteFideId "1170791"]
[BlackFideId "2203375"]
[WhiteElo "2126"]
[BlackElo "2338"]
[Result "0-1"]
[Round "09"]
[TimeControl "180+1"]
[Date "2022.12.14"]
[WhiteClock "0:00:32"]
[BlackClock "0:00:06"]

1. e4 c5 2. Nf3 g6 3. d4 cxd4 4. Qxd4 Nf6 5. Nc3 Nc6 6. Qa4 d6 7. e5 dxe5 8. Nxe5 Bg7 9. Nxc6 bxc6 10. Qxc6+ Bd7 11. Qf3 O-O 12. Bd3 Rc8 13. O-O Bc6 14. Qg3 Nd5 15. Nxd5 Qxd5 16. c4 Qa5 17. a3 Rfd8 18. b4 Qe5 19. Bf4 Qxa1 20. Rxa1 Bxa1 21. h4 Bf6 22. h5 Kg7 23. h6+ Kg8 24. Be5 Rxd3 25. Qxd3 Bxe5 26. b5 Be8 27. a4 Bf4 28. c5 Rxc5 29. g3 Bxh6 30. Qd8 Kf8 31. Qb8 Bg7 32. Qxa7 Bd4 33. Qb8 e5 34. b6 Rc1+ 35. Kh2 Rc2 36. b7 Rxf2+ 37. Kh3 Rb2 38. Qd6+ Kg7 39. b8=Q Rxb8 40. Qxb8 Bxa4 41. Kg2 Bc6+ 42. Kf1 Be4 43. Ke2 h5 44. Qd8 Bf5 45. Kf3 e4+ 46. Kf4 Bb2 47. Qe7 Bc1+ 48. Ke5 Bb2+ 49. Kf4 Bf6 50. Qe8 Bd4 51. Qd8 Bc3 52. Qe7 Bd2+ 53. Ke5 Bc3+ 54. Kf4 Bd2+ 55. Ke5 Bc3+ 56. Kd5 Bf6 57. Qe8 Bg5 58. Qe5+ Kh7 59. Kd4 e3 60. Qe8 Kg7 61. Kc3 Bg4 62. Kd3 e2 63. Qe5+ Bf6 64. Qe3 Bb2 65. Kc2 Bf6 66. Kd2 h4 67. gxh4 Bh5 68. Qf2 Be5 69. Kd3 Bf6 70. Ke4 Bc3 71. Kf4 e1=Q 72. Kg5 f6+ 73. Kf4 Qxf2+ 74. Ke4 Qd4# 0-1


[Site "https://www.chess.com"]

[Event "Titled Tuesday Blitz December 13 Early 2022"]
[White "Jiganchine, Roman"]
[Black "Estrada Nieto, Julian"]
[WhiteFideId "2603667"]
[BlackFideId "5101018"]
[WhiteElo "2363"]
[BlackElo "2195"]
[Result "0-1"]
[Round "09"]
[TimeControl "180+1"]
[Date "2022.12.14"]
[WhiteClock "0:00:01"]
[BlackClock "0:00:07"]

1. e4 e5 2. Nf3 Nc6 3. Nc3 Nf6 4. Bb5 Bb4 5. O-O O-O 6. Bxc6 dxc6 7. d3 Bxc3 8. bxc3 Bg4 9. h3 Bxf3 10. Qxf3 c5 11. a4 a5 12. Be3 b6 13. Rad1 Qe7 14. Qf5 Nd7 15. f4 Rad8 16. Qh5 c4 17. fxe5 cxd3 18. cxd3 Qxe5 19. Qxe5 Nxe5 20. d4 Nc4 21. Bf4 c6 22. d5 cxd5 23. Rxd5 Rxd5 24. exd5 Rd8 25. Rd1 f6 26. Rd4 Nd6 27. Kf2 Kf7 28. h4 Nf5 29. Rd1 Rd7 30. g3 h6 31. h5 Nd6 32. Rd4 f5 33. Kf3 Kf6 34. Bxd6 Rxd6 35. c4 Ke5 36. Rd2 g5 37. Ke3 f4+ 38. gxf4+ gxf4+ 39. Kf3 Rd7 40. Re2+ Kd4 41. Re4+ Kc5 42. Rxf4 Rg7 43. Rg4 Rf7+ 44. Rf4 Rg7 45. Rg4 Re7 46. Rf4 Re1 47. Kg4 Rg1+ 48. Kf5 Rg5+ 49. Kf6 Rxh5 50. Ke7 Rg5 51. d6 Rg7+ 52. Ke6 Rg6+ 53. Ke7 Rxd6 54. Rf5+ Kc6 55. Rb5 Rd4 56. c5 bxc5 57. Rxa5 Kb6 58. Rb5+ Kc6 59. Ra5 c4 60. Ra6+ Kb7 61. Rxh6 c3 62. Rh3 Rc4 63. Rh1 Kb6 64. Kd6 Ka5 65. Kd5 Rc8 66. Kd4 Kxa4 67. Rb1 Ka3 68. Kd3 c2 69. Rc1 Kb2 0-1


[Site "https://www.chess.com"]

[Event "Titled Tuesday Blitz December 13 Early 2022"]
[White "Jimenez Almeida, Luis David"]
[Black "Iskusnyh, Sergei"]
[WhiteFideId "22242244"]
[BlackFideId "4120027"]
[WhiteElo "2158"]
[BlackElo "2492"]
[Result "1/2-1/2"]
[Round "09"]
[TimeControl "180+1"]
[Date "2022.12.14"]
[WhiteClock "0:00:06"]
[BlackClock "0:00:04"]

1. e4 e6 2. d4 d5 3. e5 c5 4. c3 Nc6 5. Nf3 Nge7 6. a3 Bd7 7. b4 cxd4 8. cxd4 Nf5 9. Be3 b5 10. Bd3 Nxe3 11. fxe3 a5 12. bxa5 Qxa5+ 13. Nbd2 Qc3 14. Qb1 Nb4 15. Ke2 Rxa3 16. Rxa3 Qxa3 17. Bxh7 Na2 18. Kf2 Nc3 19. Qc2 b4 20. Ng5 Be7 21. Ndf3 Ba4 22. Qd3 Qb2+ 23. Kg3 Bb5 24. Qc2 Qxc2 25. Bxc2 Bc4 26. Nh3 b3 27. Bb1 b2 28. Nd2 Bb5 29. Nf4 O-O 30. h4 Ra8 31. h5 Ra1 32. Kf2 Bg5 33. g3 Bc4 34. Re1 Ba2 35. Bxa2 Nxa2 36. Rb1 Nc1 37. Ke1 Bxf4 38. gxf4 Nd3+ 39. Ke2 Ra3 40. Kd1 Kh7 41. Kc2 Nb4+ 42. Kd1 Rxe3 43. Rxb2 Nd3 44. Rb7 Nxf4 45. Nb3 Rd3+ 46. Kc2 Rh3 47. Rxf7 Nxh5 48. Nc5 Rh2+ 49. Kc3 Kg6 50. Re7 Nf4 51. Nxe6 Rh3+ 52. Kb4 Nxe6 53. Rxe6+ Kf5 54. Re7 Ke4 55. Kc5 Rc3+ 56. Kd6 Ra3 57. Rxg7 Ra6+ 58. Kc5 Ra5+ 59. Kb4 Ra8 60. Rg4+ Kf5 61. Rh4 Rc8 62. Kb3 Rc4 63. Kb2 Ke6 64. Rh6+ Ke7 65. Rh4 Ke6 66. Kb3 Ke7 67. Rf4 Ke6 68. Rf6+ Ke7 69. Rf4 Ke6 70. Kb2 Ke7 71. Kb1 Ke6 72. Ka2 Ke7 73. Kb3 1/2-1/2


[Site "https://www.chess.com"]

[Event "Titled Tuesday Blitz December 13 Early 2022"]
[White "Jumanov, Elbek"]
[Black "Goryachkina, Aleksandra"]
[WhiteFideId "14202905"]
[BlackFideId "4147103"]
[WhiteElo "2055"]
[BlackElo "2484"]
[Result "1/2-1/2"]
[Round "09"]
[TimeControl "180+1"]
[Date "2022.12.14"]
[WhiteClock "0:00:56"]
[BlackClock "0:00:20"]

1. c4 Nf6 2. Nf3 c5 3. Nc3 Nc6 4. d4 cxd4 5. Nxd4 e6 6. g3 Bc5 7. Nc2 d5 8. cxd5 exd5 9. Bg2 Be6 10. O-O O-O 11. Bg5 h6 12. Bxf6 Qxf6 13. Nxd5 Qxb2 14. Nc7 Rad8 15. Qb1 Qxb1 16. Rfxb1 Rd2 17. Rxb7 Rxc2 18. Bxc6 Bd4 19. Rd1 Bc8 20. Be4 Rxe2 21. Rxd4 Rxe4 22. Rxe4 Bxb7 23. Rb4 Bc6 24. Rc4 Bf3 25. Rc3 Be4 26. f3 Bb1 27. Ra3 Rd8 28. Rxa7 Rd1+ 29. Kf2 Rd2+ 30. Ke3 Rxa2 31. Rxa2 Bxa2 32. Nb5 f6 33. Nd4 Kf7 34. h4 g5 35. hxg5 hxg5 36. f4 gxf4+ 37. Kxf4 Bc4 38. g4 Bd3 39. g5 fxg5+ 40. Kxg5 1/2-1/2


[Site "https://www.chess.com"]

[Event "Titled Tuesday Blitz December 13 Early 2022"]
[White "Kalashian, David"]
[Black "Kopylov, Alexander A."]
[WhiteFideId "13302418"]
[BlackFideId "4164857"]
[WhiteElo "2490"]
[BlackElo "2436"]
[Result "0-1"]
[Round "09"]
[TimeControl "180+1"]
[Date "2022.12.13"]
[WhiteClock "0:00:37"]
[BlackClock "0:01:59"]

1. d4 Nf6 2. c4 e6 3. Nf3 d5 4. Nc3 Bb4 5. Bg5 h6 6. Bxf6 Qxf6 7. Qa4+ Nc6 8. e3 O-O 9. Rc1 a6 10. a3 Bxc3+ 11. Rxc3 dxc4 12. Bxc4 Bd7 13. Qc2 e5 14. dxe5 Nxe5 15. Nxe5 Qxe5 16. Ba2 Bc6 17. Bb1 g6 18. Rc5 Qe6 19. O-O Rad8 20. b4 Rd5 21. Rxd5 Qxd5 22. Ba2 Qxg2# 0-1


[Site "https://www.chess.com"]

[Event "Titled Tuesday Blitz December 13 Early 2022"]
[White "Kazakouski, Valery"]
[Black "Fiedorek, Michal"]
[WhiteFideId "13507443"]
[BlackFideId "1199528"]
[WhiteElo "2516"]
[BlackElo "2201"]
[Result "1-0"]
[Round "09"]
[TimeControl "180+1"]
[Date "2022.12.13"]
[WhiteClock "0:01:00"]
[BlackClock "0:00:36"]

1. Nf3 Nf6 2. c4 e6 3. g3 d5 4. Bg2 Be7 5. O-O O-O 6. b3 c5 7. e3 b6 8. Bb2 Bb7 9. Nc3 Nbd7 10. Qe2 Rc8 11. Rad1 Qc7 12. Ne1 Qb8 13. f4 a6 14. g4 d4 15. exd4 cxd4 16. Ne4 Qa8 17. Nxf6+ Bxf6 18. Bxb7 Qxb7 19. g5 d3 20. Nxd3 Bxb2 21. Nxb2 Rfd8 22. d4 Nf8 23. Qg2 Qe7 24. Na4 b5 25. Nb6 Rb8 26. c5 Nd7 27. Nxd7 Rxd7 28. Rd2 Rd5 29. Rfd1 Rbd8 30. Qe4 Qc7 31. Kg2 Rf5 32. Kf3 Rfd5 33. h4 a5 34. a3 b4 35. axb4 axb4 36. Kg3 Qa5 37. Rc1 Qa3 38. Qc2 h6 39. c6 hxg5 40. hxg5 g6 41. Rh1 Kg7 42. Rdh2 Rxd4 43. Rh7+ Kf8 44. Qc5+ 1-0


[Site "https://www.chess.com"]

[Event "Titled Tuesday Blitz December 13 Early 2022"]
[White "Khamdamova, Afruza"]
[Black "Fabris, Alberto"]
[WhiteFideId "14210444"]
[BlackFideId "801348"]
[WhiteElo "2018"]
[BlackElo "2179"]
[Result "1-0"]
[Round "09"]
[TimeControl "180+1"]
[Date "2022.12.14"]
[WhiteClock "0:00:18"]
[BlackClock "0:00:56"]

1. e4 c5 2. Nf3 d6 3. d4 cxd4 4. Nxd4 Nf6 5. Nc3 a6 6. Bg5 e6 7. f4 Be7 8. Qf3 Qc7 9. O-O-O Nbd7 10. g4 b5 11. Bxf6 Nxf6 12. g5 Nd7 13. f5 O-O 14. h4 Ne5 15. Qg3 Kh8 16. Kb1 Bd7 17. Bh3 Rac8 18. fxe6 fxe6 19. Bxe6 b4 20. Nd5 Qd8 21. Bxd7 Qxd7 22. Nb6 Qb7 23. Nxc8 Rxc8 24. Nf5 Rd8 25. Rd5 Bf8 26. Rhd1 Qc7 27. h5 a5 28. g6 h6 29. Nxd6 Bxd6 30. Qxe5 1-0


[Site "https://www.chess.com"]

[Event "Titled Tuesday Blitz December 13 Early 2022"]
[White "Khandelwal, Ankush"]
[Black "Ciuffoletti, Paolo"]
[WhiteFideId "413470"]
[BlackFideId "807630"]
[WhiteElo "2271"]
[BlackElo "2143"]
[Result "1-0"]
[Round "09"]
[TimeControl "180+1"]
[Date "2022.12.14"]
[WhiteClock "0:01:34"]
[BlackClock "0:00:04"]

1. e4 c5 2. Nf3 Nc6 3. d4 cxd4 4. Nxd4 Nf6 5. Nc3 e5 6. Ndb5 d6 7. Bg5 a6 8. Na3 b5 9. Bxf6 gxf6 10. Nd5 f5 11. g3 Be6 12. exf5 Bxf5 13. Bg2 Bg7 14. Ne3 Ne7 15. Nxf5 Nxf5 16. Qg4 e4 17. Qxf5 Bxb2 18. O-O Bxa3 19. Qxe4+ Kd7 20. Qf5+ Kc7 21. Qxf7+ Qd7 22. Qxd7+ Kxd7 23. Bxa8 Rxa8 24. Rad1 Rc8 25. Rd2 Rc4 26. Kg2 Bc5 27. f4 Ra4 28. f5 Rxa2 29. Re2 1-0


[Site "https://www.chess.com"]